 Dungeon Crawl Stone Soup version 0.31.0-32-g396128a36d (webtiles) character file.

Game seed: 14842512443839309544

173 AdnanSaban the Covered (level 5, -1/33 HPs)
             Began as a Gargoyle Fighter on Apr 11, 2024.
             Slain by an ogre
             ... wielding a +0 giant club
              (7 damage)
             ... on level 4 of the Dungeon.
             The game lasted 00:02:38 (3203 turns).

AdnanSaban the Covered (Gargoyle Fighter)           Turns: 3203, Time: 00:02:39

Health: -1/33      AC: 14    Str: 22    XL:     5   Next: 53%
Magic:  0/5        EV:  8    Int:  8    God:
Gold:   158        SH:  5    Dex: 15    Spells: 4/4 levels left

rFire   . . .        a - +0 flail
rCold   . . .        c - +0 buckler
rNeg    + . .        s - +0 chain mail
rPois   ∞            (no helmet)
rElec   +            (no cloak)
rCorr   .            k - +0 pair of gloves
SInv    .            (no boots)
Will    .....        f - amulet of guardian spirit Stlth
                     u - +6 ring of dexterity
HPRegen 0.25/turn    (no ring)
MPRegen 0.09/turn

%: guardian spirit
@: no status effects
A: sickness immunity, AC +4, negative energy resistance 1, electricity
resistance, torment resistance 1, petrification resistance
a: no special abilities


You were on level 4 of the Dungeon.
You visited 1 branch of the dungeon, and saw 4 of its levels.

You collected 158 gold pieces.

Inventory:

Hand Weapons
 a - a +0 flail (weapon)
Missiles
 o - 5 boomerangs
Armour
 c - a +0 buckler (worn)
 k - a +0 pair of gloves (worn)
 s - a +0 chain mail (worn)
Jewellery
 f - an amulet of guardian spirit (around neck)
 u - a +6 ring of dexterity (left hand)
Scrolls
 h - 2 scrolls of teleportation {unknown}
 l - a scroll of identify {unknown}
 m - 2 scrolls of amnesia {unknown}
 n - 5 scrolls of fear {unknown}
 p - a scroll of noise {unknown}
 q - a scroll of fog {unknown}
Potions
 b - 2 potions of heal wounds {unknown}
 d - a potion of might
 e - 3 potions of degeneration {unknown}
 g - 2 potions of berserk rage {unknown}
 j - 2 potions of lignification {unknown}
 r - a potion of resistance {unknown}
 t - a potion of cancellation {unknown}


   Skills:
 + Level 4.0 Fighting
 + Level 3.7 Maces & Flails
 + Level 4.2 Armour
 + Level 0.4 Dodging
 + Level 0.3 Stealth
 + Level 4.0 Shields


You had 4 spell levels left.
You didn't know any spells.
Your spell library contained the following spells:

 Spells                   Type           Power      Damage    Failure   Level
 Apportation              Tloc           0%         N/A       97%         1
 Jinxbite                 Hex            0%         N/A       99%         2
 Inner Flame              Hex/Fire       0%         N/A       100%        3
 Alistair's Intoxication  Alch           0%         N/A       100%        5
 Irradiate                Conj/Alch      0%         3d11      100%        5
 Ignition                 Fire           0%         3d3       100%        8


Dungeon Overview and Level Annotations

Branches:
Dungeon (4/15)
 Temple: D:4-7

Altars:
Sif Muna
Wu Jian
Zin

Shops:
D:1 [   D:3 (


Innate Abilities, Weirdness & Mutations

You are immune to sickness and miasma.
Your stone body is resilient. (AC +4)
You are immune to poison.
You resist negative energy. (rN+)
You are resistant to electric shocks. (rElec)
You are resistant to unholy torment.
You are immune to petrification.


Message History

You open the door.
A ball python comes into view.
The ball python hisses angrily.
There is an open door here.
You sock the ball python!
You kill the ball python!
No target in view!
No target in view!
No target in view!
No target in view!
No target in view!
No target in view!
No target in view!
No target in view!
No target in view!
No target in view!
No target in view!
An ogre comes into view. It is wielding a +0 giant club.
Found a stone staircase leading down.
An ogre is nearby!
An ogre is nearby!
You throw a poisoned dart. The poisoned dart hits the ogre.
The ogre is poisoned.
You throw a poisoned dart. The poisoned dart hits the ogre.
The ogre looks even sicker.
Nothing quivered!
There is an open door here.
You hit the ogre but do no damage.
The ogre is moderately wounded.
The ogre hits you with a +0 giant club!!
You hit the ogre.
The ogre is moderately wounded.
The ogre closely misses you.
You hit the ogre.
The ogre is heavily wounded.
The ogre hits you with a +0 giant club!
* * * LOW HITPOINT WARNING * * *
The ogre looks more healthy.
The ogre attacks as it pursues you! The ogre hits you with a +0 giant club!
You die...

############
#########..........#
#.......#..........#
#.......#..........#
##......#..........#
##..##'##..........#
#..@#..............#
#..O#..............#
######..#....########+#.
#....#..#....#......#...
#....#..#....#......#...
#...†'..#....##'##+###..
#....#..#........(...#..
#....#..#............#..
#....####............+..


You could see an ogre.

Vanquished Creatures
  A hound (D:3)
  Terence (D:2)
  4 adders
  3 orcs (D:3)
  4 endoplasms
  3 giant cockroaches (D:1)
  9 hobgoblins
  2 jackals (D:1)
  3 quokkas (D:1)
  9 ball pythons
  9 bats
  3 frilled lizards
  14 goblins
  6 kobolds
  2 rats (D:1)
73 creatures vanquished.

Notes
Turn   | Place    | Note
-------+----------+-------------------------------------------
     0 | D:1      | AdnanSaban the Gargoyle Fighter began the quest for the
                  | Orb.
     0 | D:1      | Reached XP level 1. HP: 14/14 MP: 1/1
    17 | D:1      | Noticed an eye of devastation
    23 | D:1      | Noticed a glass eye
    26 | D:1      | Found a faded altar of an unknown god.
    28 | D:1      | Noticed an eye of devastation
    32 | D:1      | Noticed a glass eye
   130 | D:1      | Reached XP level 2. HP: 19/19 MP: 2/2
   431 | D:1      | Found Sistow's Armour Shoppe.
   492 | D:1      | Reached XP level 3. HP: 13/23 MP: 1/3
  1165 | D:2      | Found an ornate altar of the Wu Jian Council.
  1166 | D:2      | Noticed Terence
  1182 | D:2      | Killed Terence
  1183 | D:2      | Reached XP level 4. HP: 16/29 MP: 1/4
  2281 | D:3      | Reached XP level 5. HP: 33/33 MP: 5/5
  2431 | D:3      | Found a glowing silver altar of Zin.
  2431 | D:3      | Noticed an angel
  2669 | D:3      | Found Acoeso Noipu's Weapon Shoppe.
  3143 | D:4      | Found a shimmering blue altar of Sif Muna.
  3184 | D:4      | Noticed an ogre
  3203 | D:4      | Slain by an ogre

Illustrated notes

Levels and vault maps discovered:
D:1:      shiori_arrival_maze, layout_basic, serial_shops, shop,
          hellmonk_ecumenical_altar_watching_god
D:2:      layout_basic, basic_altar, serial_bayou_pond_a, bh_walls_and_bars,
          uniq_terence
D:3:      layout_basic, zin_angel, serial_shops, nicolae_shop_window_shopping,
          nicolae_figureground_pulse
D:4:      layout_gridville, led_sif_pool, minmay_misc_feat_enclosed,
          minmay_goblin_outpost, uniq_crazy_yiuf_cottage

Skill      XL: |  1  2  3  4  5 |
---------------+----------------+-----
Armour         | 4 |  4.2
Maces & Flails | 3 |  3.7
Fighting       | 4 |  4.0
Shields        | 4 |  4.0
Dodging        | |  0.4
Stealth        | |  0.3

Action                     |  1- 3 |  4- 6 || total
---------------------------+-------+-------++-------
  Melee: Flail             |    79 |   141 ||   220
  Throw: Dart              |       |     2 ||     2
 Armour: Scale mail        |    53 |    50 ||   103
         Chain mail        |       |    45 ||    45
  Dodge: Dodged            |    32 |    80 ||   112
  Block: Buckler           |    15 |    39 ||    54
